 Dungeon Crawl Stone Soup version 0.25-a0-404-gc1b5a34292 (webtiles) character file.

Game seed: 6131765944271107119, levelgen mode: deterministic

28 DeadFury222 the Chopper (level 3, 0/33 HPs)
             Began as a Hill Orc Monk on Jan 10, 2020.
             Succumbed to an adder's poison
             ... on level 1 of the Dungeon.
             The game lasted 00:02:17 (1098 turns).

DeadFury222 the Chopper (Hill Orc Monk)             Turns: 1098, Time: 00:02:17

Health: 0/33       AC:  8    Str: 14    XL:     3   Next: 14%
Magic:  3/3        EV:  7    Int: 10    God:
Gold:   32         SH:  0    Dex: 13    Spells: 2/2 levels left

rFire    . . .     SeeInvis .   a - +0 hand axe
rCold    . . .     Gourm    .   (no shield)
rNeg     . . .     Faith    .   b - +0 chain mail
rPois    .         Spirit   .   (no helmet)
rElec    .         Reflect  .   (no cloak)
rCorr    .         Harm     .   (no gloves)
MR       .....                  (no boots)
Stlth    ..........             (no amulet)
HPRegen  0.11/turn              (no ring)
MPRegen  0.08/turn              (no ring)

@: lethally poisoned (0 -> -7)
A: no striking features
a: no special abilities


You were on level 1 of the Dungeon.
You were hungry.

You visited 1 branch of the dungeon, and saw 2 of its levels.

You collected 32 gold pieces.

Inventory:

Hand Weapons
 a - a +0 hand axe (weapon)
Missiles
 f - 36 stones (quivered)
Armour
 b - a +0 chain mail (worn)
Scrolls
 d - a scroll of immolation {unknown}
 h - a scroll of noise {unknown}
 i - a scroll of remove curse {unknown}
Potions
 e - 2 potions of haste {unknown}
 g - a potion of might {unknown}
Comestibles
 c - a ration


   Skills:
 + Level 4.0 Fighting
 * Level 4.9 Axes
 + Level 1.2 Armour
 - Level 2.4 Dodging
 - Level 1.5 Stealth


You had 2 spell levels left.
You didn't know any spells.
Your spell library was empty.

Dungeon Overview and Level Annotations

Branches:
Dungeon (2/15)

Altars:


Message History

You hit the hobgoblin but do no damage.
* * * LOW HITPOINT WARNING * * *
You feel sick. The hobgoblin barely misses you.
You barely miss the hobgoblin.
* * * LOW HITPOINT WARNING * * *
You feel sick. The hobgoblin hits you.
* * * LOW HITPOINT WARNING * * *
You completely miss the hobgoblin.
* * * LOW HITPOINT WARNING * * *
You feel sick. The hobgoblin hits you.
* * * LOW HITPOINT WARNING * * *
You hit the hobgoblin but do no damage.
The hobgoblin hits you but does no damage.
You barely miss the hobgoblin.
* * * LOW HITPOINT WARNING * * *
You feel sick.
The hobgoblin hits you but does no damage. x2
You slash the hobgoblin!
You kill the hobgoblin!
You die...

###
..################
÷............[.†@#
#..####.......####
##.# #.####..#####
#.## #.).[#......#
#..# #.##.#.^#.#.#
##.# #.##.#...(..#
#.# #......##.###
##.######.#.##.#####
#[........#........#


There were no monsters in sight!

Vanquished Creatures
  An adder (D:1)
  2 dart slugs (D:1)
  A giant cockroach (D:1)
  4 goblins (D:1)
  2 hobgoblins (D:1)
  2 frilled lizards (D:1)
  5 rats (D:1)
17 creatures vanquished.

Notes
Turn   | Place    | Note
-------+----------+-------------------------------------------
     0 | D:1      | DeadFury222 the Hill Orc Monk began the quest for the Orb.
     0 | D:1      | Reached XP level 1. HP: 19/19 MP: 1/1
   496 | D:1      | Reached XP level 2. HP: 23/27 MP: 2/2
   914 | D:1      | Reached skill level 1 in Armour
  1090 | D:1      | Reached XP level 3. HP: 11/33 MP: 3/3
  1095 | D:1      | HP: 1/33 [hobgoblin (1)]
  1098 | D:1      | Succumbed to an adder's poison

Levels and vault maps discovered:
D:1:      eino_arrival_druids_welcome, layout_basic, st_stairs_13,
          dk_noncrumbling_3
D:2:      layout_loops_cross, lemuel_doored_altar, zin_purify, first_ration,
          nemelex_xobeh_ov_fountains_minmay, uniq_natasha, uniq_terence,
          uniq_robin

Skill      XL: |  1  2 |
---------------+-------+-----
Armour         | 1 |  1.2
Fighting       | 4 |  4.0
Axes           | |  4.9
Dodging        | |  2.4
Stealth        | |  1.5

Action                   || total
-------------------------++-------
Melee: Hand axe          ||    61
Throw: Stone             ||     1
Armor: Robe              ||     4
       Chain mail        ||    24
Dodge: Dodged            ||    22

Table legend:
 A = Non-vault XP
 B = Vault XP
 C = Vault XP percentage of total XP
 D = Non-vault monster count
 E = Vault monster count
 F = Vault count percentage of total count
                 A         B        C        D         E       F
            +---------+---------+-------+---------+---------+-------
      Total |      39 |       2 |   4.9 |      16 |       1 |   5.9
            +---------+---------+-------+---------+---------+-------
        D:1 |      39 |       2 |   4.9 |      16 |       1 |   5.9
            +---------+---------+-------+---------+---------+-------
